 Dungeon Crawl Stone Soup version 0.28-a0-628-g3c9886e45e (webtiles) character file.

Game seed: 18176733396965475952

135 rogsnak the Gusty (level 5, -2/54 HPs)
             Began as a Barachi Air Elementalist on Oct 8, 2021.
             Was an Initiate of Ru.
             Succumbed to a scorpion's poison
             ... on level 4 of the Dungeon.
             The game lasted 00:09:02 (3759 turns).

rogsnak the Gusty (Barachi Air Elementalist)        Turns: 3759, Time: 00:09:03

Health: -2/54      AC:  2    Str: 10    XL:     5   Next: 18%
Magic:  1/9        EV: 12    Int: 16    God:    Ru [......]
Gold:   254        SH:  0    Dex: 12    Spells: 6/10 levels left

rFire   . . .      SeeInvis .   d - +2 dagger (vamp)
rCold   . . .      Faith    .   (no shield)
rNeg    . . .      Spirit   .   a - +0 robe
rPois   .          Reflect  .   (no helmet)
rElec   .          Harm     .   (no cloak)
rCorr   .          Rampage  .   (no gloves)
Will    .....                   (no boots)
Stlth   ..........              (no amulet)
HPRegen 0.18/turn               (no ring)
MPRegen 0.11/turn               (no ring)

@: berserking, lethally poisoned (-2 -> -20), unable to hop, quick
A: amphibious, slowness 1, strong legs 1, +LOS
a: Hop, Renounce Religion


You were on level 4 of the Dungeon.
You worshipped Ru.
Ru was noncommittal.
You visited 1 branch of the dungeon, and saw 4 of its levels.

You collected 254 gold pieces.

Inventory:

Hand Weapons
 d - a +2 vampiric dagger (weapon)
Missiles
 c - 134 stones
 o - 18 sling bullets
Armour
 a - a +0 robe (worn)
 e - a +1 ring mail of poison resistance
Magical Staves
 b - a staff of poison
Scrolls
 i - a scroll of fog {unknown}
 l - a scroll of teleportation {unknown}
 m - a scroll of fear {unknown}
 p - a scroll of amnesia {unknown}
Potions
 g - a potion of experience {unknown}
 h - 3 potions of curing {unknown}
 j - a potion of flight {unknown}
 k - a potion of attraction {unknown}
 n - a potion of might {unknown}
 q - a potion of heal wounds {unknown}


   Skills:
 + Level 0.4 Fighting
 + Level 2.3 Dodging
 + Level 2.4 Stealth
 + Level 3.1 Spellcasting
 + Level 2.7 Conjurations
 + Level 4.5 Air Magic


You had 6 spell levels left.
You knew the following spells:

 Your Spells              Type           Power      Damage    Failure   Level
a - Shock                 Conj/Air       56%        1d6       4%          1
b - Swiftness             Air            17%        N/A       9%          3

Your spell library contained the following spells:

 Spells                   Type           Power      Damage    Failure   Level
 Static Discharge         Conj/Air       14%        N/A       6%          2
 Airstrike                Air            8%         N/A       28%         4


Dungeon Overview and Level Annotations

Branches:
Dungeon (4/15)
 Temple: D:4-7

Altars:
Fedhas
Gozag
Qazlal
Ru
Vehumet
Xom
Yredelemnul
The Shining One

Annotations:
D:3 1 runed translucent door, Hades's ghost, amateur DsFi


Innate Abilities, Weirdness & Mutations

You are amphibious.
You cover ground slowly.
You can hop short distances.
You have an extended range of vision and can be seen from far away.


Message History

Press: ? - help, Shift-Dir - straight line The zap hits the scorpion.
The scorpion is heavily wounded.
You feel sick. The scorpion closely misses you.
Unknown command.
Casting: Shock (safe; 4% risk of failure)
Confirm with . or Enter, or press ? or * to list all spells.
You don't have enough magic to cast this spell.
Unknown command.
Unknown command.
You aren't carrying any items that you can evoke.
Unknown command.
You hit the scorpion but do no damage.
The scorpion is heavily wounded.
You feel sick. The scorpion stings you!
You are more poisoned.
The scorpion poisons you!
You barely miss the scorpion.
The scorpion is heavily wounded.
You feel very sick. The scorpion stings you!
* * * LOW HITPOINT WARNING * * *
It was a potion of berserk rage.
A red film seems to cover your vision as you go berserk!
You feel yourself moving faster!
You feel mighty!
* * * LOW HITPOINT WARNING * * *
You feel very sick. The scorpion stings you.
* * * LOW HITPOINT WARNING * * *
You are more poisoned.
The scorpion poisons you! The scorpion stings you.
* * * LOW HITPOINT WARNING * * *
You hit the scorpion.
You feel better.
The scorpion is heavily wounded.
* * * LOW HITPOINT WARNING * * *
You feel very sick.
Unknown command.
You barely miss the scorpion.
The scorpion is heavily wounded.
You die...

######+## .# #.......#
.# #.......#
.#####.......#### .#..
+..........#
.#.###..........# ###
................# ...#
.#....#.#'###...##....#
......#.#......s@...#
......#.#...........#
.#....#.#.........#.#
.#....#.#.#####...# ..
.###..#.... ..#.# ...
......#...# ...#.. ###
.####.#...# .#.###.
......# ..#.. . #######
.#.##


You could see a scorpion.

Vanquished Creatures
  6 adders
  An adder skeleton (D:3)
  2 worms
  3 dart slugs
  6 orcs
  5 bats
  4 endoplasms
  2 giant cockroaches
  7 goblins
  5 hobgoblins
  4 kobolds
  2 quokkas
  7 ball pythons
  5 rats
59 creatures vanquished.

Notes
Turn   | Place    | Note
-------+----------+-------------------------------------------
     0 | D:1      | rogsnak the Barachi Air Elementalist began the quest for
                  | the Orb.
     0 | D:1      | Reached XP level 1. HP: 13/13 MP: 3/3
   100 | D:1      | Found a faded altar of an unknown god.
   792 | D:2      | Reached XP level 2. HP: 19/19 MP: 3/5
  1271 | D:2      | Reached skill level 4 in Air Magic
  1318 | D:2      | Reached XP level 3. HP: 24/24 MP: 0/6
  1322 | D:2      | Learned a level 3 spell: Swiftness
  1705 | D:2      | Found a blossoming altar of Fedhas.
  1976 | D:2      | Reached XP level 4. HP: 23/30 MP: 2/8
  3287 | D:3      | Reached XP level 5. HP: 35/35 MP: 6/9
  3489 | D:3      | Found a shimmering altar of Xom.
  3491 | D:3      | Found a runed translucent door.
  3491 | D:3      | Noticed Hades's ghost (amateur DsFi)
  3555 | D:3      | Found a basalt altar of Yredelemnul.
  3555 | D:3      | Found an opulent altar of Gozag.
  3555 | D:3      | Found a glowing golden altar of the Shining One.
  3555 | D:3      | Found a radiant altar of Vehumet.
  3557 | D:3      | Found a stormy altar of Qazlal.
  3559 | D:3      | Found a sacrificial altar of Ru.
  3560 | D:3      | Found a blossoming altar of Fedhas.
  3564 | D:3      | Became a worshipper of Ru the Awakened
  3758 | D:4      | HP: 1/54 [poisoned by a scorpion]
  3759 | D:4      | Succumbed to a scorpion's poison

Illustrated notes

Levels and vault maps discovered:
D:1:      dpeg_arrival_short_road, layout_loops_ring,
          shapermc_ecumenical_altar_pompeii, st_stairs_12
D:2:      layout_basic, basic_altar
D:3:      layout_loops_cross, minitemple, xom_confusion_cloud,
          ebering_ghost_reflecting_pool, serial_undead, serial_undead_b,
          serial_undead_d, serial_undead_f, serial_undead_a,
          minmay_quadrilaterals
D:4:      minmay_clustersquares, layout_basic, hangedman_abyss_or_decor_stabs,
          minmay_cut_off

Skill      XL: |  1  2  3  4 |
---------------+-------------+-----
Stealth        | 2 |  2.4
Air Magic      | 4 |  4.5
Conjurations   | 2 |  2.7
Spellcasting   | 3 |  3.1
Fighting       | |  0.4
Dodging        | |  2.3

Action                   |  1- 3 |  4- 6 || total
-------------------------+-------+-------++-------
Melee: Dagger            |    10 |    15 ||    25
 Cast: Shock             |    67 |    80 ||   147
 Abil: Hop               |       |     1 ||     1
  Use: Potion            |       |     1 ||     1
Armor: Robe              |     3 |     3 ||     6
Dodge: Dodged            |    18 |    21 ||    39

Table legend: (Time is in decaauts)
 A = Elapsed time spent in this place.
 B = Non-inter-level travel time spent in this place.
 C = Inter-level travel time spent in this place.
 D = Time resting spent in this place.
 E = Time spent auto-exploring this place.
 F = Levels seen in this place.
 G = Mean time per level.
                   A        B        C        D        E       F      G
               +--------+--------+--------+--------+--------+-----+--------+
         Total |   4153 |   4105 |     48 |    863 |   2546 |   4 | 1038.2 |
       Dungeon |   4153 |   4105 |     48 |    863 |   2546 |   4 | 1038.2 |
               +--------+--------+--------+--------+--------+-----+--------+

Top non-repeatable levels by time:
     D:3: 1609 daAuts
     D:2: 1505 daAuts
     D:1: 957 daAuts
     D:4: 81 daAuts
